 Dungeon Crawl Stone Soup version 0.30-a0-743-gbfdf073431 (webtiles) character file.

Game seed: 65594401361787653

185 LennaLeFay the Grave Robber (level 5, 0/35 HPs)
             Began as a Vampire Necromancer on Feb 6, 2023.
             Slain by holysushi's ghost (4 damage)
             ... on level 4 of the Dungeon on Feb 7, 2023.
             The game lasted 00:13:42 (3193 turns).

LennaLeFay the Grave Robber (Vampire Necromancer)   Turns: 3193, Time: 00:13:44

Health: 0/35       AC:  2    Str:  7    XL:     5   Next: 37%
Magic:  10/10      EV: 12    Int: 20    God:
Gold:   301        SH:  0    Dex: 14    Spells: 3/11 levels left

rFire   . . .      SeeInvis +    o - +0 rapier
rCold   . . .      Faith    .    (no shield)
rNeg    . . .      Spirit   .    a - +0 robe
rPois   .          Reflect  .    (no helmet)
rElec   .          Harm     .    (no cloak)
rCorr   .          Rampage  .    (no gloves)
Will    .....                    (no boots)
Stlth   +                        (no amulet)
HPRegen 0.45/turn                (no ring)
MPRegen 0.12/turn                (no ring)

@: silenced, healing quickly
A: alive, fangs 3, see invisible, vampiric 2
a: Exsanguinate


You were on level 4 of the Dungeon.
You visited 1 branch of the dungeon, and saw 4 of its levels.

You collected 301 gold pieces.

Inventory:

Hand Weapons
 f - a +0 dagger
 o - a +0 rapier (weapon)
Missiles
 j - 2 throwing nets
Armour
 a - a +0 robe (worn)
Jewellery
 n - a ring of positive energy
Wands
 m - a wand of iceblast (19)
Scrolls
 d - a scroll of poison {unknown}
 g - a scroll of torment {unknown}
 h - 3 scrolls of magic mapping {unknown}
 i - 2 scrolls of identify {unknown}
 l - a scroll of fog {unknown}
 q - a scroll of teleportation {unknown}
Potions
 b - a potion of magic
 e - a potion of degeneration {unknown}
 k - a potion of curing {unknown}
 p - 2 potions of heal wounds {unknown}


   Skills:
 + Level 0.1 Fighting
 + Level 2.2 Dodging
 + Level 3.2 Stealth
 + Level 0.1 Unarmed Combat
 + Level 3.7 Spellcasting
 + Level 6.1 Necromancy


You had 3 spell levels left.
You knew the following spells:

 Your Spells              Type           Power      Damage    Failure   Level
a - Necrotise             Necr           100%       1d9       1%          1
b - Vampiric Draining     Necr           28%        2d8       3%          3
c - Animate Dead          Necr           28%        N/A       11%         4

Your spell library contained the following spells:

 Spells                   Type           Power      Damage    Failure   Level
 Agony                    Necr           28%        N/A       30%         5


Dungeon Overview and Level Annotations

Branches:
Dungeon (4/15)
 Temple: D:4-7

Altars:

Annotations:
D:4 holysushi's ghost, amateur MfGl


Innate Abilities, Weirdness & Mutations

Your natural rate of healing is accelerated.
You have razor-sharp teeth.
You have supernaturally acute eyesight. (SInv)
You are afflicted with vampirism and can become a bat while bloodless.


Message History

The worm dies!
Your goblin zombie closely misses holysushi's ghost.
You hit holysushi's ghost. Your bite misses holysushi's ghost.
Holysushi's ghost is moderately damaged.
Holysushi's ghost hits you! The dart slug launches a dart at you.
The slug dart misses you.
Your goblin zombie hits holysushi's ghost.
Your hound skeleton bites holysushi's ghost.
As you read the scroll labelled RON ZORGHIWYTS, it crumbles to dust.
A profound silence engulfs you.
It was a scroll of silence.
The necrophage hits your hound skeleton!
Your hound skeleton is destroyed!
Holysushi's ghost hits you!
* * * LOW HITPOINT WARNING * * *
The dart slug launches a dart at you. The slug dart hits you.
* * * LOW HITPOINT WARNING * * *
Your goblin zombie misses holysushi's ghost.
Magic scrolls do not work when you're silenced!
Holysushi's ghost attacks as you move away!
Holysushi's ghost closely misses you. Holysushi's ghost closely misses you.
The necrophage hits something!
Holysushi's ghost attacks as you move away!
Holysushi's ghost barely misses you. Holysushi's ghost hits you.
* * * LOW HITPOINT WARNING * * *
Holysushi's ghost hits you but does no damage.
Holysushi's ghost attacks as you move away!
Holysushi's ghost barely misses you.
Holysushi's ghost attacks as you move away!
Holysushi's ghost misses you.
You miss holysushi's ghost.
Holysushi's ghost is moderately damaged.
Holysushi's ghost hits you but does no damage.
The kobold hits you with a +0 short sword.
* * * LOW HITPOINT WARNING * * *
Holysushi's ghost hits you.
You die...

... ... ..##+###
#.#....# ..
#.#....#
#..####.#....#
#...........##
#....@....... ..
#.###WK.........
###...........
#.n.#..#######
#n###..#....
#.###..#..#
#.#....'..###.
#Z#.#..'.....$
#......'†.###$


You could see a necrophage, holysushi's ghost and a kobold.

Vanquished Creatures
  A hound (D:4)
  Terence (D:2)
  A gnoll (D:1)
  5 adders
  2 dart slugs
  An orc (D:3)
  7 ball pythons
  4 bats
  5 endoplasms
  4 giant cockroaches
  7 goblins
  5 hobgoblins
  3 quokkas
  3 frilled lizards
  2 kobolds
  9 rats
60 creatures vanquished.

Vanquished Creatures (collateral kills)
  A worm (D:4)
  A ball python (D:4)
  A bat (D:2)
  A giant cockroach (D:3)
  A hobgoblin (D:3)
  2 frilled lizards
  A kobold (D:4)
  2 rats
10 creatures vanquished.

Vanquished Creatures (others)
  An adder zombie (D:4)
1 creature vanquished.

Grand Total: 71 creatures vanquished

Notes
Turn   | Place    | Note
-------+----------+-------------------------------------------
     0 | D:1      | LennaLeFay the Vampire Necromancer began the quest for the
                  | Orb.
     0 | D:1      | Reached XP level 1. HP: 13/13 MP: 3/3
   198 | D:1      | Reached XP level 2. HP: 16/19 MP: 0/5
  1066 | D:1      | Reached skill level 5 in Necromancy
  1066 | D:1      | Gained mutation: You are afflicted with vampirism and can
                  | become a bat while bloodless. [Vampire growth]
  1066 | D:1      | Reached XP level 3. HP: 24/24 MP: 1/6
  1417 | D:2      | Learned a level 3 spell: Vampiric Draining
  1419 | D:2      | Noticed Terence
  1431 | D:2      | Killed Terence
  1432 | D:2      | Reached XP level 4. HP: 27/30 MP: 0/8
  2540 | D:3      | Identified the +2 longbow of Symmetry {flame, rF+ rC+ Str+3
                  | SInv}
  2711 | D:3      | Reached XP level 5. HP: 35/35 MP: 1/10
  2721 | D:3      | Learned a level 4 spell: Animate Dead
  3150 | D:4      | Found a runed translucent gate.
  3150 | D:4      | Found a runed translucent gate.
  3150 | D:4      | Found a runed translucent gate.
  3155 | D:4      | Noticed holysushi's ghost (amateur MfGl)
  3168 | D:4      | Reached skill level 6 in Necromancy
  3193 | D:4      | Slain by holysushi's ghost

Illustrated notes

Levels and vault maps discovered:
D:1:      minmay_arrival_doors, layout_loops_ring, minmay_misc_feat_doors
D:2:      layout_basic, kennysheep_generic_room_9, uniq_terence
D:3:      layout_basic
D:4:      layout_basic, gammafunk_ghost_split

Skill      XL: |  1  2  3  4  5 |
---------------+----------------+-----
Necromancy     | 5 6 |  6.1
Spellcasting   | 3 |  3.7
Fighting       | |  0.1
Dodging        | |  2.2
Stealth        | |  3.2
Unarmed Combat | |  0.1

Action                     |  1- 3 |  4- 6 || total
---------------------------+-------+-------++-------
  Melee: Unarmed           |     7 |       ||     7
         Dagger            |     2 |    14 ||    16
         Bite              |       |     5 ||     5
         Rapier            |       |    12 ||    12
   Cast: Necrotise         |    55 |    51 ||   106
         Vampiric Draining |     1 |       ||     1
         Animate Dead      |       |     2 ||     2
    Use: Scroll            |       |     1 ||     1
 Armour: Robe              |     6 |    12 ||    18
  Dodge: Dodged            |    20 |    49 ||    69

Table legend: (Time is in decaauts)
 A = Elapsed time spent in this place.
 B = Non-inter-level travel time spent in this place.
 C = Inter-level travel time spent in this place.
 D = Time resting spent in this place.
 E = Time spent auto-exploring this place.
 F = Levels seen in this place.
 G = Mean time per level.
                   A        B        C        D        E       F      G
               +--------+--------+--------+--------+--------+-----+--------+
         Total |   3193 |   3053 |    140 |      0 |   2432 |   4 |  798.2 |
       Dungeon |   3193 |   3053 |    140 |      0 |   2432 |   4 |  798.2 |
               +--------+--------+--------+--------+--------+-----+--------+

Top non-repeatable levels by time:
     D:1: 1127 daAuts
     D:2: 1106 daAuts
     D:3: 786 daAuts
     D:4: 173 daAuts
